 Dungeon Crawl Stone Soup version 0.31.0-11-ge490571c62 (webtiles) character file.

Game seed: 10166217730006542682

96 ProzacElf the Covered (level 4, -6/37 HPs)
             Began as an Armataur Fighter on Jan 29, 2024.
             Killed by divine providence
             ... invoked by an orc priest
              (15 damage)
             ... on level 3 of the Dungeon.
             The game lasted 00:02:11 (1450 turns).

ProzacElf the Covered (Armataur Fighter)            Turns: 1450, Time: 00:02:12

Health: -6/37      AC:  7    Str: 22    XL:     4   Next: 41%
Magic:  4/4        EV:  6    Int:  8    God:
Gold:   150        SH:  8    Dex: 11    Spells: 3/3 levels left

rFire   . . .        a - +0 flail
rCold   . . .        e - +0 kite shield
rNeg    . . .        b - +0 scale mail
rPois   .            (no helmet)
rElec   .            (no cloak)
rCorr   .            (no gloves)
SInv    .            (no barding)
Will    .....        (no amulet) Stlth
                     (no ring)
HPRegen 0.26/turn    (no ring)
MPRegen 0.09/turn

%: roll
@: no status effects
A: large, deformed body, tough skin 3, armoured tail, roll 1
a: no special abilities


You were on level 3 of the Dungeon.
You visited 1 branch of the dungeon, and saw 3 of its levels.

You collected 150 gold pieces.

Inventory:

Hand Weapons
 a - a +0 flail (weapon)
Armour
 b - a +0 scale mail (worn)
 c - a +0 buckler
 e - a +0 kite shield (worn)
Scrolls
 f - a scroll of torment {unknown}
 i - a scroll of identify {unknown}
 j - a scroll of teleportation {unknown}
 l - a scroll of immolation {unknown}
Potions
 d - a potion of might
 g - a potion of curing {unknown}
 h - a potion of heal wounds {unknown}
 k - a potion of lignification {unknown}


   Skills:
 - Level 2.6 Fighting
 + Level 3.4 Maces & Flails
 - Level 5.0 Armour
 - Level 3.2 Shields


You had 3 spell levels left.
You didn't know any spells.
Your spell library was empty.

Dungeon Overview and Level Annotations

Branches:
Dungeon (3/15)

Altars:

Shops:
D:2 [


Innate Abilities, Weirdness & Mutations

Armour fits poorly on your strangely shaped body.
You have extremely tough skin. (AC +3)
You have a long armoured tail.
You regenerate magic when rolling toward enemies. (Rampage MPRegen)


Message History

Tha orc wizard shouts!
Ye roll towards tha orc!
Tha orc priest shouts!
Ye hit tha orc but do nay damage.
Tha orc wizard mumbles some strange words.
Tha orc wizard flickers an' vanishes!
Deactivatin' autopickup; reactivate wit' Ctrl-A.
Tha orc priest calls down tha wrath o' Beogh upon ye.
Beogh smites ye!
Tha orc barely misses ye.
Ye take 14 damage, an' haf 23/37 hp.
MASSIVE DAMAGE!!
Ye barely miss tha orc.
Ye block tha orc's attack.
Tha orc priest looks satisfied fer a momn't.
Tha orc closely misses ye.
Ye thump tha orc!
Ye kill tha orc!
Ye hear some strange, mumbled words.
A puff o' flame appears from outta thin air!
Tha puff o' flame misses ye.
Ye roll towards tha orc priest!
Ye sock somethin'!
Yer tail-slap misses somethin'.
Somethin' hits ye but does nay damage. x2
Somethin' unexpectedly blocks ye, preventin' ye from rollin'!
Ye barely miss somethin'.
Ye hear some strange, mumbled words.
A magic dart appears from outta thin air!
Tha magic dart hits ye.
Ye take 4 damage, an' haf 20/37 hp.
Ye sock tha orc priest!
Tha orc priest be severely wounded.
Somethin' hits ye but does nay damage.
Tha orc priest hits ye but does nay damage.
Ye hit tha orc priest but do nay damage.
Tha orc priest be severely wounded.
Ye hear some strange, mumbled words.
Somethin' tries ta affect ye, but ye resist.
Tha orc priest mumbles some strange prayers ta Beogh against ye.
Beogh smites ye!
* * * LOW HITPOINT WARNIN'
* * * Tha orc priest mumbles some strange prayers ta Beogh against ye.
Beogh smites ye!
Ye die...

.. #.#..#.# #
#......##.#..#.########
+......................
#......##....#.########
#$.....##....#.# #..
#.....?##....#.# #..
...... #....#.# #..
..####.o###....#.# #..
.......{@......#.# #..
....##########.#.# #..
o .... #.. #.#.# .###


You could see an orc priest.

Vanquished Creatures
  Terence (D:2)
  2 adders (D:2)
  2 dart slugs
  2 ribbon worms (D:2)
  An orc (D:3)
  5 endoplasms
  A giant cockroach (D:2)
  2 goblins (D:1)
  3 hobgoblins
  4 quokkas
  5 ball pythons
  4 bats
  3 frilled lizards (D:2)
  5 kobolds
40 creatures vanquished.

Notes
Turn   | Place    | Note
-------+----------+-------------------------------------------
     0 | D:1      | ProzacElf the Armataur Fighter began the quest for the Orb.
     0 | D:1      | Reached XP level 1. HP: 18/18 MP: 1/1
   219 | D:1      | Reached skill level 4 in Armour
   231 | D:1      | Reached XP level 2. HP: 25/25 MP: 2/2
   819 | D:2      | Reached XP level 3. HP: 30/30 MP: 3/3
   912 | D:2      | Found Luiloxte's Armour Shoppe.
  1240 | D:2      | Noticed Terence
  1246 | D:2      | Killed Terence
  1247 | D:2      | Reached skill level 5 in Armour
  1247 | D:2      | Reached XP level 4. HP: 26/37 MP: 4/4
  1450 | D:3      | Killed from afar by an orc priest

Illustrated notes

Levels and vault maps discovered:
D:1:      nzn_arrival_water_spiral, layout_loops_ring, serial_forest,
          infiniplex_forest_lined_ring, infiniplex_forest_lined_room_2,
          infiniplex_forest_clump_tiny, infiniplex_forest_clump_C,
          infiniplex_forest_clump_curved, infiniplex_forest_clump_long
D:2:      layout_rooms, serial_shops, shop, uniq_terence
D:3:      layout_basic

Skill      XL: |  1  2  3 |
---------------+----------+-----
Maces & Flails | 2 3 |  3.4
Armour         | 4 5 |  5.0
Fighting       | |  2.6
Shields        | |  3.2

Action                     |  1- 3 |  4- 6 || total
---------------------------+-------+-------++-------
  Melee: Flail             |   107 |     9 ||   116
         Tailslap          |    16 |     1 ||    17
 Armour: Scale mail        |    90 |     5 ||    95
  Dodge: Dodged            |    36 |     3 ||    39
  Block: Buckler           |     1 |       ||     1
         Kite shield       |    53 |     1 ||    54

Action                     |  1- 3 |  4- 6 || total
---------------------------+-------+-------++-------
  Melee: Flail             |   107 |     9 ||   116
         Tailslap          |    16 |     1 ||    17
 Armour: Scale mail        |    90 |     5 ||    95
  Dodge: Dodged            |    36 |     3 ||    39
  Block: Buckler           |     1 |       ||     1
         Kite shield       |    53 |     1 ||    54

Levels and vault maps discovered:
D:1:      nzn_arrival_water_spiral, layout_loops_ring, serial_forest,
          infiniplex_forest_lined_ring, infiniplex_forest_lined_room_2,
          infiniplex_forest_clump_tiny, infiniplex_forest_clump_C,
          infiniplex_forest_clump_curved, infiniplex_forest_clump_long
D:2:      layout_rooms, serial_shops, shop, uniq_terence
D:3:      layout_basic
